 Dungeon Crawl Stone Soup version 0.29-a0-418-gc0181ea820 (webtiles) character file.

Game seed: 3875454319605954894

2939 sammy202020 the Fighter (level 9, -8/83 HPs)
             Began as a Minotaur Fighter on May 17, 2022.
             Was an Initiate of Trog.
             Mangled by a vampire (9 damage)
             ... on level 7 of the Dungeon.
             The game lasted 00:08:23 (5405 turns).

sammy202020 the Fighter (Minotaur Fighter)          Turns: 5405, Time: 00:08:24

Health: -8/83      AC: 17    Str: 21    XL:     9   Next: 51%
Magic:  8/8        EV:  7    Int:  9    God:    Trog [......]
Gold:   280        SH:  5    Dex: 10    Spells: 8/8 levels left

rFire   . . .      SeeInvis .   a - +1 war axe
rCold   . . .      Faith    .   c - +0 buckler
rNeg    + . .      Spirit   .   D - +0 plate armour
rPois   .          Reflect  .   (helmet restricted)
rElec   .          Harm     .   g - +2 cloak
rCorr   .          Rampage  .   (no gloves)
Will    .....                   u - +0 pair of boots
Stlth   ..........              (no amulet)
HPRegen 0.23/turn               p - ring of positive energy
MPRegen 0.11/turn               (no ring)

@: no status effects
A: horns 2, retaliatory headbutt
a: Renounce Religion


You were on level 7 of the Dungeon.
You worshipped Trog.
Trog was noncommittal.
You visited 2 branches of the dungeon, and saw 8 of its levels.

You collected 280 gold pieces.

Inventory:

Hand Weapons
 a - a +1 war axe (weapon)
 w - a +0 flail
 z - a +0 shortbow
Missiles
 C - 5 boomerangs (quivered)
Armour
 c - a +0 buckler (worn)
 g - a +2 cloak (worn)
 u - a +0 pair of boots (worn)
 D - a +0 plate armour (worn)
Jewellery
 l - a ring of magical power
 p - a ring of positive energy (left hand)
Wands
 d - a wand of flame (19)
Scrolls
 f - 4 scrolls of teleportation
 k - a scroll of poison
 q - 4 scrolls of fear
 s - 2 scrolls of amnesia
 v - 2 scrolls of enchant weapon
 x - a scroll of enchant armour
 y - a scroll of magic mapping
Potions
 b - a potion of might
 e - 2 potions of haste
 h - 2 potions of curing
 i - 2 potions of lignification
 j - a potion of magic {unknown}
 m - 2 potions of brilliance
 n - 2 potions of cancellation
 o - a potion of invisibility {unknown}
 r - a potion of heal wounds {unknown}
 t - 3 potions of attraction {unknown}
 A - a potion of degeneration {unknown}


   Skills:
 * Level 9.2 Fighting
 * Level 8.8 Axes
 + Level 6.9 Armour
 + Level 5.3 Dodging
 + Level 7.0 Shields


You had 8 spell levels left.
You didn't know any spells.
Your spell library was empty.

Dungeon Overview and Level Annotations

Branches:
Dungeon (7/15)             Temple (1/1) D:6

Altars:
Ashenzari
Cheibriados
Dithmenos
Elyvilon
Fedhas
Gozag
Hepliaklqana
Kikubaaqudgha
Makhleb
Nemelex Xobeh
Okawaru
Ru
Sif Muna
Trog
Uskayaw
Vehumet
Wu Jian
Xom
Yredelemnul
Zin
The Shining One

Shops:
D:1 ?


Innate Abilities, Weirdness & Mutations

You have a pair of horns on your head.
You reflexively headbutt those who attack you in melee.


Message History

The vampire attacks as you move away! The vampire hits you.
The vampire bites you but does no damage.
You see here 11 gold pieces.
The vampire gestures wildly while chanting.
The vampire flickers and vanishes!
Deactivating autopickup; reactivate with Ctrl-A.
You see here a scroll of fog.
You nearly stumble into some lava!
You nearly stumble into some lava!
Something hits you but does no damage. Something bites you.
* * * LOW HITPOINT WARNING * * *
Something draws strength from your injuries!
You completely miss something. Something hits you but does no damage.
Something bites you.
* * * LOW HITPOINT WARNING * * *
Something draws strength from your injuries!
You're too confused to move!
Something hits you.
* * * LOW HITPOINT WARNING * * *
Something bites you but does no damage.
You're too confused to move!
Something hits you but does no damage. Something bites you but does no damage.
You're too confused to move!
Something hits you!
* * * LOW HITPOINT WARNING * * *
Something bites you but does no damage.
You hit something. Your headbutt misses something.
You feel less confused. Something hits you but does no damage.
Something bites you but does no damage.
You hit something but do no damage. Something hits you but does no damage.
Something bites you but does no damage.
You hit something but do no damage. You block something's attack.
Something bites you.
* * * LOW HITPOINT WARNING * * *
You feel better. Something hits you!
* * * LOW HITPOINT WARNING * * *
Something bites you.
* * * LOW HITPOINT WARNING * * *
Something draws strength from your injuries!
You hit something. Something hits you but does no damage.
Something bites you but does no damage. Something hits you!
You die...

## ##......# ###....
>###.#####.# #....
#.#.## #.# ######
##...
##.#######.###....#
#..:.
#.#...........##'###
#.##.
#.#.#####.######...#
#.### #.# #.#
##.....## #.# ..#
#.# #..≈{§..# #.#
.## ... +..@$.$.+
#<# . #.# #..§?≈..#
#.# .. ... ##.....##
..# #.# ##...## #..#
##+## #..# #. . #..#
#.##. #..# #....
#..# ...# #..###


There were no monsters in sight!

Vanquished Creatures
  A cyclops (D:7)
  A komodo dragon (D:6)
  A troll (D:7)
  2 wyverns (D:7)
  An ice beast (D:6)
  A sky beast (D:6)
  An ogre (D:5)
  A phantom (D:5)
  A centaur (D:7)
  A kobold brigand (D:6)
  A bullfrog (D:7)
  3 scorpions
  A wyvern zombie (D:5)
  2 water moccasin zombies (D:5)
  5 killer bees (D:5)
  2 centaur zombies (D:5)
  A bullfrog zombie (D:5)
  A bullfrog skeleton (D:5)
  3 hounds
  5 iguanas
  Crazy Yiuf (D:5)
  A scorpion zombie (D:5)
  A killer bee zombie (D:5)
  5 hound zombies (D:5)
  A hound skeleton (D:5)
  3 gnolls (D:5)
  A howler monkey skeleton (D:5)
  8 adders
  A white imp (D:7)
  2 adder skeletons (D:5)
  A worm (D:2)
  A dart slug (D:2)
  8 orcs
  5 bats
  6 endoplasms
  2 giant cockroaches
  12 goblins
  7 hobgoblins
  7 quokkas
  6 ball pythons
  3 frilled lizards
  11 kobolds
  4 rats
132 creatures vanquished.

Notes
Turn   | Place    | Note
-------+----------+-------------------------------------------
     0 | D:1      | sammy202020 the Minotaur Fighter began the quest for the
                  | Orb.
     0 | D:1      | Reached XP level 1. HP: 19/19 MP: 0/0
   369 | D:1      | Reached XP level 2. HP: 27/27 MP: 1/1
   483 | D:1      | Reached skill level 4 in Fighting
   529 | D:1      | Found Rairphen's Magic Scroll Emporium.
   825 | D:1      | Reached XP level 3. HP: 33/33 MP: 2/2
  1029 | D:2      | Reached skill level 1 in Dodging
  1370 | D:2      | Reached XP level 4. HP: 41/41 MP: 3/3
  2137 | D:3      | Found a faded altar of an unknown god.
  2159 | D:3      | Reached XP level 5. HP: 46/47 MP: 4/4
  2772 | D:4      | Reached skill level 5 in Fighting
  3003 | D:5      | Entered Level 5 of the Dungeon
  3037 | D:5      | Reached XP level 6. HP: 32/56 MP: 5/5
  3180 | D:5      | Reached skill level 5 in Axes
  3240 | D:5      | Reached skill level 6 in Fighting
  3240 | D:5      | Reached XP level 7. HP: 59/63 MP: 6/6
  3241 | D:5      | Reached skill level 5 in Shields
  3245 | D:5      | Reached skill level 5 in Armour
  3556 | D:5      | Found a runed translucent door.
  3557 | D:5      | Noticed Crazy Yiuf
  3563 | D:5      | Killed Crazy Yiuf
  3564 | D:5      | Reached skill level 7 in Fighting
  3564 | D:5      | Reached XP level 8. HP: 70/73 MP: 7/7
  3787 | D:6      | Noticed a komodo dragon
  3793 | D:6      | Killed a komodo dragon
  4063 | D:6      | Found a staircase to the Ecumenical Temple.
  4088 | Temple   | Entered the Ecumenical Temple
  4091 | Temple   | Reached skill level 8 in Fighting
  4143 | Temple   | Became a worshipper of Trog the Wrathful
  4641 | D:7      | Reached XP level 9. HP: 60/82 MP: 8/8
  4795 | D:7      | Noticed a troll
  4814 | D:7      | Killed a troll
  5071 | D:7      | Noticed a cyclops
  5078 | D:7      | Killed a cyclops
  5079 | D:7      | Reached skill level 9 in Fighting
  5079 | D:7      | Reached skill level 5 in Dodging
  5404 | D:7      | HP: 1/83 [something (5)]
  5405 | D:7      | Mangled by a vampire

Illustrated notes

Levels and vault maps discovered:
D:1:      amcnicky_arrival_single_pillar, layout_loops_cross, serial_shops,
          nicolae_square_shop, minmay_pentomino_r2
D:2:      layout_basic
D:3:      layout_loops_cross, dilly_ecumenical_altar_fadedgnrine
D:4:      layout_cave_pools
D:5:      layout_basic, serial_undead, serial_undead_e, serial_undead_f,
          serial_undead_a, serial_undead_d, serial_undead_a, serial_undead_d,
          serial_undead_f, uniq_crazy_yiuf_cottage
D:6:      layout_cave_pools, minmay_temple_entry_antechambers,
          grunt_decor_one_mirror
D:7:      layout_loops_ring, kennysheep_small_circle
Temple:   nicolae_temple_the_god_donut

Skill      XL: |  1  2  3  4  5  6  7  8  9 |
---------------+----------------------------+-----
Fighting       | 4 5 6 7 8 9 |  9.2
Axes           | 3 4 5 6 8 |  8.8
Dodging        | 1 2 3 4 5 |  5.3
Shields        | 4 5 6 7 |  7.0
Armour         | 4 5 6 |  6.9

Action                   |  1- 3 |  4- 6 |  7- 9 || total
-------------------------+-------+-------+-------++-------
Melee: War axe           |    91 |   108 |   135 ||   334
       Headbutt          |     8 |    20 |    29 ||    57
  Use: Scroll            |     6 |     7 |     5 ||    18
       Potion            |       |     1 |     1 ||     2
Armor: Scale mail        |    46 |    87 |    55 ||   188
       Plate armour      |       |       |    54 ||    54
Dodge: Dodged            |    37 |    70 |    75 ||   182
Block: Buckler           |    18 |    28 |    32 ||    78

Table legend: (Time is in decaauts)
 A = Elapsed time spent in this place.
 B = Non-inter-level travel time spent in this place.
 C = Inter-level travel time spent in this place.
 D = Time resting spent in this place.
 E = Time spent auto-exploring this place.
 F = Levels seen in this place.
 G = Mean time per level.
                   A        B        C        D        E       F      G
               +--------+--------+--------+--------+--------+-----+--------+
         Total |   5499 |   5437 |     62 |    286 |   4039 |   8 |  687.4 |
       Dungeon |   5416 |   5354 |     62 |    286 |   4009 |   7 |  773.7 |
        Temple |     82 |     82 |      0 |      0 |     30 |   1 |   82.0 |
               +--------+--------+--------+--------+--------+-----+--------+

Top non-repeatable levels by time:
     D:1: 1018 daAuts
     D:3: 833 daAuts
     D:5: 807 daAuts
     D:7: 788 daAuts
     D:6: 757 daAuts
     D:4: 685 daAuts
     D:2: 525 daAuts
  Temple: 82 daAuts
